 Dungeon Crawl Stone Soup version 0.30-a0-1053-gbd8d5ba0ad (webtiles) character file.

Game seed: 18171790841493465484

60 Pimp the Shooter (level 3, -6/21 HPs)
             Began as a Deep Elf Hunter on Apr 11, 2023.
             Killed from afar by Sigmund (8 damage)
             ... with a magic dart
             ... on level 2 of the Dungeon.
             The game lasted 00:05:09 (868 turns).

Pimp the Shooter (Deep Elf Hunter)                   Turns: 868, Time: 00:05:10

Health: -6/21      AC:  5    Str:  8    XL:     3   Next: 80%
Magic:  6/6        EV: 11    Int: 13    God:
Gold:   31         SH:  0    Dex: 20    Spells: 3/3 levels left

rFire   . . .      SeeInvis .    a - +0 shortbow
rCold   . . .      Faith    .    (shield currently unavailable)
rNeg    . . .      Spirit   .    g - +0 ring mail
rPois   .          Reflect  .    (no helmet)
rElec   .          Rampage  .    (no cloak)
rCorr   .                        (no gloves)
Will    .....                    (no boots)
Stlth   ++                       (no amulet)
HPRegen 0.23/turn                (no ring)
MPRegen 0.10/turn                (no ring)

@: about to teleport
A: no striking features
a: no special abilities


You were on level 2 of the Dungeon.
You visited 1 branch of the dungeon, and saw 2 of its levels.

You collected 31 gold pieces.

Inventory:

Hand Weapons
 a - a +0 shortbow (weapon)
Armour
 c - a +0 leather armour
 g - a +0 ring mail (worn)
Scrolls
 b - 2 scrolls of immolation
 f - 2 scrolls of noise
 h - a scroll of fear {unknown}
 j - a scroll of teleportation
 l - a scroll of identify {unknown}
 m - 3 scrolls of blinking {unknown}
 n - a scroll of magic mapping {unknown}
Potions
 d - a potion of curing
 e - a potion of invisibility {unknown}
 i - a potion of heal wounds {unknown}
 k - 2 potions of flight {unknown}


   Skills:
 + Level 2.1 Fighting
 + Level 5.7 Ranged Weapons
 + Level 0.4 Armour
 + Level 3.1 Dodging
 + Level 2.4 Stealth
 + Level 0.8 Spellcasting


You had 3 spell levels left.
You didn't know any spells.
Your spell library was empty.

Dungeon Overview and Level Annotations

Branches:
Dungeon (2/15)

Altars:

Annotations:
D:2 Sigmund


Message History

Fire: a) +0 shortbow
Press: ? - help, Q - select action Shift-Dir - straight line, f - you Really target yourself? [Y]es or [N]o only, please.
Really target yourself? [Y]es or [N]o only, please.
Really target yourself? [Y]es or [N]o only, please.
Really target yourself? [Y]es or [N]o only, please.
Really target yourself?
Okay, then.
A magic dart appears from out of thin air!
The magic dart hits you.
A magic dart appears from out of thin air!
The magic dart hits you.
* * * LOW HITPOINT WARNING * * *
A magic dart appears from out of thin air!
The magic dart hits you.
* * * LOW HITPOINT WARNING * * *
It was a potion of curing.
You feel better.
A magic dart appears from out of thin air!
The magic dart hits you!
* * * LOW HITPOINT WARNING * * *
Fire: a) +0 shortbow
Press: ? - help, Q - select action Shift-Dir - straight line You shoot an arrow.
Fire: a) +0 shortbow
Press: ? - help, Q - select action Shift-Dir - straight line You shoot an arrow.
A magic dart appears from out of thin air!
The magic dart hits you.
* * * LOW HITPOINT WARNING * * *
As you read the scroll labelled KAESEO SAFINA, it crumbles to dust.
You feel strangely unstable.
It was a scroll of teleportation.
You hear some strange, mumbled words.
Something tries to affect you, but you resist.
A magic dart appears from out of thin air!
The magic dart hits you!
You die...

###### ##########
.....# #......@.#
.....# #........#
.....# #........#
.....#####.....{..#
..>...............#
##'######.##+######
#. #.##..## #@
#..##..##### ..
##...#.....#


There were no monsters in sight!

Vanquished Creatures
  A gnoll (D:1)
  An adder (D:2)
  A bat (D:1)
  6 endoplasms
  3 giant cockroaches
  3 hobgoblins
  6 kobolds
  A quokka (D:1)
  4 ball pythons (D:1)
  4 frilled lizards
  5 goblins (D:1)
  3 rats
38 creatures vanquished.

Vanquished Creatures (others)
  4 plants (D:1)
4 creatures vanquished.

Grand Total: 42 creatures vanquished

Notes
Turn   | Place    | Note
-------+----------+-------------------------------------------
     0 | D:1      | Pimp the Deep Elf Hunter began the quest for the Orb.
     0 | D:1      | Reached XP level 1. HP: 12/12 MP: 3/3
    69 | D:1      | Reached XP level 2. HP: 17/17 MP: 4/4
   228 | D:1      | Reached XP level 3. HP: 21/21 MP: 5/5
   835 | D:2      | Noticed Sigmund
   865 | D:2      | HP: 1/21 [something/magic dart (4)]
   868 | D:2      | Killed from afar by Sigmund

Illustrated notes

Levels and vault maps discovered:
D:1:      wander_arrival_chamber, layout_rooms, serial_forest,
          infiniplex_forest_straight_4, infiniplex_forest_clump_cross,
          infiniplex_forest_straight_4, infiniplex_forest_clump_tiny,
          infiniplex_forest_lined_2, infiniplex_forest_lined_2
D:2:      layout_basic, uniq_sigmund

Skill      XL: |  1  2 |
---------------+-------+-----
Fighting       | 2 |  2.1
Stealth        | 2 |  2.4
Dodging        | 3 |  3.1
Ranged Weapons | |  5.7
Armour         | |  0.4
Spellcasting   | |  0.8

Action                     || total
---------------------------++-------
   Fire: Shortbow          ||   106
    Use: Scroll            ||     2
         Potion            ||     1
 Armour: Leather armour    ||     7
         Ring mail         ||    10
  Dodge: Dodged            ||    23

Table legend: (Time is in decaauts)
 A = Elapsed time spent in this place.
 B = Non-inter-level travel time spent in this place.
 C = Inter-level travel time spent in this place.
 D = Time resting spent in this place.
 E = Time spent auto-exploring this place.
 F = Levels seen in this place.
 G = Mean time per level.
                   A        B        C        D        E       F      G
               +--------+--------+--------+--------+--------+-----+--------+
         Total |    904 |    884 |     20 |     42 |    522 |   2 |  452.0 |
       Dungeon |    904 |    884 |     20 |     42 |    522 |   2 |  452.0 |
               +--------+--------+--------+--------+--------+-----+--------+

Top non-repeatable levels by time:
     D:1: 579 daAuts
     D:2: 324 daAuts
